 Dungeon Crawl Stone Soup version 0.26-a0-682-g294304f6e8 (webtiles) character file.

Game seed: 6954851121375822863

209 ANON1729 the Sneak (level 5, -7/27 HPs)
             Began as a Spriggan Brigand on Oct 21, 2020.
             Killed by nerve-wracking pain
             ... invoked by Grinder
              (10 damage)
             ... while paralysed by Grinder
             ... on level 4 of the Dungeon.
             The game lasted 00:05:09 (5152 turns).

ANON1729 the Sneak (Spriggan Brigand)               Turns: 5152, Time: 00:05:10

Health: -7/27      AC:  3    Str:  7    XL:     5   Next: 55%
Magic:  6/6        EV:  4    Int: 13    God:
Gold:   113        SH:  0    Dex: 18    Spells: 4/4 levels left

rFire    . . .     SeeInvis +   a - +2 dagger
rCold    . . .     Faith    .   (shield restricted)
rNeg     . . .     Spirit   .   b - +0 robe
rPois    +         Reflect  .   (helmet restricted)
rElec    .         Harm     .   c - +0 cloak
rCorr    .         Rampage  .   (gloves unavailable)
MR       .....                  (boots unavailable)
Stlth    +++++.....             p - amulet of regeneration
HPRegen  0.49/turn              q - ring of stealth
MPRegen  0.10/turn              g - ring of poison resistance

@: paralysed, very quick
A: very small, unfitting armour, see invisible, speed 3
a: no special abilities


You were on level 4 of the Dungeon.
You visited 1 branch of the dungeon, and saw 4 of its levels.

You collected 113 gold pieces.

Inventory:

Hand Weapons
 a - a +2 dagger (weapon)
Missiles
 d - 7 poisoned darts (quivered)
 e - 2 curare-tipped darts
Armour
 b - a +0 robe (worn)
 c - a +0 cloak (worn)
Jewellery
 g - a ring of poison resistance (right hand)
 p - an amulet of regeneration (around neck)
 q - a ring of stealth (left hand)
Scrolls
 f - a scroll of immolation {unknown}
 k - 2 scrolls of identify {unknown}
 m - 3 scrolls of enchant armour {unknown}
 n - 2 scrolls of teleportation {unknown}
 o - a scroll of remove curse {unknown}
Potions
 h - a potion of heal wounds {unknown}
 i - a potion of lignification {unknown}
 j - 3 potions of curing {unknown}
 l - a potion of stabbing {unknown}


   Skills:
 + Level 2.6 Fighting
 + Level 3.4 Short Blades
 + Level 3.0 Throwing
 + Level 3.9 Dodging
 + Level 6.9 Stealth


You had 4 spell levels left.
You didn't know any spells.
Your spell library was empty.

Dungeon Overview and Level Annotations

Branches:
Dungeon (4/15)
 Temple: D:4-7

Altars:
Gozag
Okawaru
Sif Muna

Annotations:
D:4 Grinder


Innate Abilities, Weirdness & Mutations

You are very small and have problems with some larger weapons.
You are too small for most types of armour.
You have supernaturally acute eyesight. (SInv)
You cover ground extremely quickly.


Message History

You closely miss Grinder.
Grinder is heavily wounded.
Grinder says, "Don't move a muscle."
Grinder misses you.
You hit Grinder.
Grinder is severely wounded.
Grinder barely misses you.
You hit Grinder.
Grinder is severely wounded.
Grinder gestures at you.
You suddenly lose the ability to move!
Grinder hits you!
You writhe in agony.
Grinder hits you!
* * * LOW HITPOINT WARNING * * *
You writhe in agony.
* * * LOW HITPOINT WARNING * * *
Grinder blinks!
Grinder gestures at you. Pain shoots through your body!
You die...

.# #.# ##.# #.##
#.#.# #..#####
............
.##.#.#.....
..........#
.$....#ยง..#####.##
....5..@..>......
......#.....###.#
............###.#
.(....#.#.......#
#######.....?...#
#.#.......#
#.#.......#
#.#.......#
#.#...#######


You could see Grinder.

Vanquished Creatures
  Jessica (D:3)
  A worker ant (D:3)
  A gnoll (D:2)
  6 adders
  2 worms (D:2)
  A dart slug (D:1)
  A leopard gecko (D:1)
  9 orcs
  A giant cockroach (D:2)
  5 hobgoblins
  3 jackals (D:1)
  6 kobolds
  2 quokkas (D:3)
  A ball python (D:3)
  14 bats
  3 frilled lizards
  15 goblins
  8 rats
80 creatures vanquished.

Notes
Turn   | Place    | Note
-------+----------+-------------------------------------------
     0 | D:1      | ANON1729 the Spriggan Brigand began the quest for the Orb.
     0 | D:1      | Reached XP level 1. HP: 10/10 MP: 2/2
   552 | D:1      | Reached skill level 6 in Stealth
   554 | D:1      | Reached XP level 2. HP: 8/15 MP: 3/3
  1516 | D:1      | Reached XP level 3. HP: 18/18 MP: 4/4
  2374 | D:2      | Reached XP level 4. HP: 23/23 MP: 5/5
  2870 | D:2      | Found an opulent altar of Gozag.
  2875 | D:2      | Found an iron altar of Okawaru.
  2880 | D:2      | Found a shimmering blue altar of Sif Muna.
  3869 | D:3      | Noticed Jessica
  3879 | D:3      | Killed Jessica
  3879 | D:3      | Reached XP level 5. HP: 25/27 MP: 6/6
  4972 | D:4      | Noticed Grinder
  5147 | D:4      | Paralysed by Grinder for 7 turns
  5152 | D:4      | Killed from afar by Grinder

Illustrated notes

Levels and vault maps discovered:
D:1:      onia_arrival_mini_maze, layout_loops_corners, minmay_pentomino_o2
D:2:      layout_basic, minmay_overflow_temple_star_quad
D:3:      layout_rooms, uniq_jessica
D:4:      layout_basic, eat_drink_and_be_merry_uskayaw, uniq_grinder,
          uniq_crazy_yiuf_cottage

Skill      XL: |  1  2  3  4  5 |
---------------+----------------+-----
Stealth        | 6 |  6.9
Dodging        | 2 3 |  3.9
Fighting       | 2 |  2.6
Short Blades   | 3 |  3.4
Throwing       | 3 |  3.0

Action                   |  1- 3 |  4- 6 || total
-------------------------+-------+-------++-------
Melee: Dagger            |   137 |   198 ||   335
Throw: Dart              |       |    10 ||    10
 Stab: Sleeping          |    12 |     5 ||    17
       Distracted        |       |     1 ||     1
Armor: Robe              |    25 |    21 ||    46
Dodge: Dodged            |   103 |   189 ||   292

Table legend: (Time is in decaauts)
 A = Elapsed time spent in this place.
 B = Non-inter-level travel time spent in this place.
 C = Inter-level travel time spent in this place.
 D = Time resting spent in this place.
 E = Time spent auto-exploring this place.
 F = Levels seen in this place.
 G = Mean time per level.
                   A        B        C        D        E       F      G
               +--------+--------+--------+--------+--------+-----+--------+
         Total |   4277 |   4217 |     60 |   1497 |   2024 |   4 | 1069.2 |
       Dungeon |   4277 |   4217 |     60 |   1497 |   2024 |   4 | 1069.2 |
               +--------+--------+--------+--------+--------+-----+--------+

Top non-repeatable levels by time:
     D:3: 1431 daAuts
     D:1: 1418 daAuts
     D:2: 1160 daAuts
     D:4: 267 daAuts
